 Dungeon Sprint DCSS version 0.27.0-1-g7a089689b8 (webtiles) character file.

Game seed: 5559167646071937582

13555 Groucho the Unseen (level 11, -1/44 (47) HPs)
             Began as a Spriggan Enchanter on Aug 1, 2021.
             Was the Champion of Dithmenos.
             Slain by a shadow dragon (15 damage)
             ... in the Dungeon (Sprint I: "Red Sonja").
             The game lasted 00:14:06 (3900 turns).

Groucho the Unseen (Spriggan Enchanter)             Turns: 3900, Time: 00:14:06

HP:   -1/44 (47)    AC:  6    Str:  2      XL:     11   Next: 77%
MP:   30/33         EV: 32    Int: 11 (12) God:    Dithmenos [******]
Gold: 886           SH:  0    Dex: 18      Spells: 25/45 levels left

rFire    + . .     SeeInvis +   j - +7 dagger of the Harvest {vorpal, rF+}
rCold    . . .     Faith    .   (shield restricted)
rNeg     + . .     Spirit   .   p - +2 robe {rN+}
rPois    .         Reflect  .   (helmet restricted)
rElec    .         Harm     .   o - +1 cloak
rCorr    .         Rampage  .   (gloves unavailable)
Will     +....     Rnd*Rage +   (boots unavailable) Stlth *****+++++NoTele +
                                (no amulet)
HPRegen  0.00/turn              (no ring)
MPRegen  0.23/turn              (no ring)

@: unable to read, inhibited regen, wreathed by umbra, drained, very quick
A: very small, no large weapons, unfitting armour, see invisible, speed 3,
berserk 2, clumsy 1, deterioration 2, dopey 2, inhibited regeneration, weak 1,
subdued magic 2, inability to read while threatened
a: Renounce Religion, Shadow Step, Shadow Form


You were in the Dungeon.
You worshipped Dithmenos.
Dithmenos was exalted by your worship.
You visited 1 branch You collected 2247 gold pieces.
You spent 1361 gold pieces at shops.

Inventory:

Hand Weapons
 h - a +0 shortbow
 j - the +7 dagger of the Harvest (weapon) {vorpal, rF+}
   (You found it in the Dungeon)

   It inflicts extra damage upon your enemies.
   rF:        It protects you from fire.
 m - the +5 rapier of Tycless {holy, rElec}
   (You bought it in a shop in the Dungeon)

   It has been blessed by the Shining One to cause great damage to the undead
   and demons.
   rElec:     It insulates you from electricity.
 r - a +1 dagger of venom
Missiles
 k - 55 arrows
 s - 4 curare-tipped darts
Armour
 o - a +1 cloak (worn)
 p - a +2 robe of positive energy (worn)
 t - the +3 buckler "Empol" {Drain rPois Str+4}
   (You bought it in a shop in the Dungeon)

   Str:       It affects your strength (+4).
   rPois:     It protects you from poison.
   Drain:     It drains your maximum health when unequipped.
Jewellery
 a - a ring of ice
 u - a ring of poison resistance
Wands
 q - a wand of polymorph (8)
Scrolls
 i - a scroll of magic mapping {unknown}
 l - a scroll of vulnerability {unknown}
 n - 2 scrolls of amnesia
 v - a scroll of enchant armour {unknown}
Potions
 b - a potion of cancellation {unknown}
 c - 4 potions of curing
 d - a potion of heal wounds
 e - a potion of haste
 f - 2 potions of magic
 g - a potion of ambrosia {unknown}


   Skills:
 - Level 10.0 Short Blades
 + Level 19.1 Dodging
 - Level 20.0 Stealth
 + Level 17.9 Spellcasting
 - Level 14.0 Hexes


You had 25 spell levels left.
You knew the following spells:

 Your Spells              Type           Power      Damage    Failure   Level
a - Corona                Hex            27%        N/A       0%          1
b - Ensorcelled Hibernat  Hex/Ice        30%        N/A       1%          2
c - Confusing Touch       Hex            25%        N/A       0%          3
d - Tukima's Dance        Hex            25%        N/A       0%          3
e - Dazzling Flash        Conj/Hex       30%        N/A       1%          3
f - Invisibility          Hex            12%        N/A       1%          6
g - Passwall              Tmut/Erth      5%         N/A       5%          2

Your spell library contained the following spells:

 Spells                   Type           Power      Damage    Failure   Level
 Swiftness                Air            6%         N/A       12%         3
 Animate Dead             Necr           3%         N/A       41%         4
 Borgnjor's Vile Clutch   Necr/Erth      3%         N/A       78%         5
 Death Channel            Necr           3%         N/A       100%        6


Dungeon Overview and Level Annotations

Branches:
Dungeon (1/1)

Altars:
Cheibriados
Dithmenos
Elyvilon
Fedhas
Gozag
Hepliaklqana
Kikubaaqudgha
Makhleb
Nemelex Xobeh
Okawaru
Qazlal
Ru
Sif Muna
Trog
Uskayaw
Vehumet
Wu Jian
Xom
Yredelemnul
Zin
The Shining One
Jiyva
Lugonu

Shops:
D *[*(((***(?*[[[=:[*[[


Innate Abilities, Weirdness & Mutations

You are very small and have problems with some larger weapons.
You are too small for most types of armour.
You have supernaturally acute eyesight. (SInv)
You cover ground extremely quickly. (Speed+++)
You often lose your temper in combat.
You are clumsy. (Dex -2)
Your body often deteriorates upon taking damage.
You are very dopey. (Int -4)
You do not regenerate when monsters are visible.
You are weak. (Str -2)
Your spells are easier to cast, but less powerful.
You sometimes lose the ability to read scrolls when taking damage.


Message History

You now have 859 gold pieces (gained 27).
You now have 886 gold pieces (gained 27).
You open the door.
Found 12 arrows.
There is an open door here.
k - 55 arrows (gained 12)
You close the door.
You open the door.
Unknown command.
Unknown command.
Found 108 gold pieces.
A shadow dragon comes into view.
There is an open door here.
A golden dragon comes into view.
The golden dragon moves out of view.
Found three items.
Found 61 gold pieces, a dagger, a flail and a hand axe.
The shadow dragon breathes negative energy at you.
The bolt of negative energy hits you!! You partially resist.
You feel drained.
You emit a cloud of dark smoke.
There is an open door here.
You open the door.
There is an open door here.
You start resting.
A shadow dragon is nearby!
You strike the helpless shadow dragon from behind!
You spit the shadow dragon like a pig!!!
The shadow dragon is heavily wounded.
Your shadow closely misses the shadow dragon.
The shadow dragon bites you!
You feel threatened and lose the ability to read scrolls!
Your body deteriorates!
You feel dopey. You partially resist.
You feel drained.
The shadow dragon completely misses you.
The shadow dragon closely misses you.
Unknown command.
Casting: Ensorcelled Hibernation (safe; 1% risk of failure)
Confirm with . or Enter, or press ? or * to list all spells.
The shadow dragon bites you!
You die...

###################
'§.§§..'†.#^§§§§§§#
#§§§§.##..'^§#§§§§##
##÷..#######+#§§§§§#
###+# #§§@D§#
##§§§§# ###§## #§# #
+ ##§#§§.§ ##§§D§§§
#§§§§§§§ #...D^..§
#...§..§...§


You could see a shadow dragon.

Vanquished Creatures
  A hydra (D)
  2 centaur warriors (D)
  Sonja (D)
  A deep troll (D)
  A lindwurm (D)
  8 shining eyes (D)
  An oklob plant (D)
  2 unseen horrors (D)
  2 kobold demonologists (D)
  4 demonic crawlers (D)
  A hornet (D)
  A slime creature (D)
  Sigmund (D)
  2 redbacks (D)
  13 hogs (D)
  A yak (D)
  7 floating eyes (D)
  7 necrophages (D)
  An ogre (D)
  8 jellies (D)
  Ijyb (D)
  A ballistomycete spore (D)
67 creatures vanquished.

Vanquished Creatures (others)
  A gargoyle (D)
  A ballistomycete spore (D)
2 creatures vanquished.

Grand Total: 69 creatures vanquished

Notes
Turn   | Place    | Note
-------+----------+-------------------------------------------
     0 | D        | Groucho the Spriggan Enchanter began the quest for the Orb.
     0 | D        | Reached XP level 1. HP: 9/9 MP: 5/5
     2 | D        | Noticed Ijyb
    20 | D        | Killed Ijyb
    21 | D        | Reached skill level 10 in Stealth
    21 | D        | Reached XP level 2. HP: 11/13 MP: 6/6
   338 | D        | Noticed an ogre
   340 | D        | Killed an ogre
   341 | D        | Reached skill level 14 in Stealth
   341 | D        | Reached XP level 3. HP: 16/16 MP: 8/8
   341 | D        | Reached XP level 4. HP: 21/21 MP: 9/9
   354 | D        | Noticed Sigmund
   356 | D        | Killed Sigmund
   357 | D        | Reached skill level 18 in Stealth
   357 | D        | Reached XP level 5. HP: 24/24 MP: 10/10
   369 | D        | Found a shimmering blue altar of Sif Muna.
   370 | D        | Found an ornate altar of the Wu Jian Council.
   371 | D        | Found a radiant altar of Vehumet.
   371 | D        | Identified the +7 dagger of the Harvest {vorpal, rF+}
   376 | D        | Reached XP level 6. HP: 28/28 MP: 11/11
   377 | D        | Found Rompethri's Antique Weapon Emporium.
   377 | D        | Found an ancient bone altar of Kikubaaqudgha.
   377 | D        | Found a hazy altar of Hepliaklqana.
   377 | D        | Found a stormy altar of Qazlal.
   377 | D        | Found a hide-covered altar of Uskayaw.
   377 | D        | Found a blossoming altar of Fedhas.
   377 | D        | Found a bloodstained altar of Trog.
   377 | D        | Found an iron altar of Okawaru.
   377 | D        | Found a basalt altar of Yredelemnul.
   377 | D        | Found a glowing golden altar of the Shining One.
   377 | D        | Found a snail-covered altar of Cheibriados.
   377 | D        | Found a sacrificial altar of Ru.
   377 | D        | Found a glowing silver altar of Zin.
   377 | D        | Found a shadowy altar of Dithmenos.
   377 | D        | Found a white marble altar of Elyvilon.
   377 | D        | Noticed a yak
   378 | D        | Found an opulent altar of Gozag.
   379 | D        | Killed a yak
   380 | D        | Reached skill level 5 in Hexes
   380 | D        | Found a sparkling altar of Nemelex Xobeh.
   441 | D        | Became a worshipper of Dithmenos the Shadowed
   460 | D        | Found a burning altar of Makhleb.
   460 | D        | Found a shimmering altar of Xom.
   460 | D        | Noticed a slime creature
   461 | D        | Found a viscous altar of Jiyva.
   461 | D        | Found a corrupted altar of Lugonu.
   463 | D        | Killed a slime creature
   464 | D        | Reached skill level 5 in Spellcasting
   464 | D        | Reached XP level 7. HP: 32/32 MP: 13/16
   478 | D        | Learned a level 2 spell: Ensorcelled Hibernation
   482 | D        | Learned a level 3 spell: Confusing Touch
   486 | D        | Learned a level 3 spell: Tukima's Dance
   490 | D        | Learned a level 3 spell: Dazzling Flash
   498 | D        | Noticed a centaur warrior
   506 | D        | Noticed a centaur warrior
   507 | D        | Killed a centaur warrior
   508 | D        | Reached skill level 19 in Stealth
   508 | D        | Reached XP level 8. HP: 36/36 MP: 16/20
   508 | D        | Killed a centaur warrior
   508 | D        | Reached * piety under Dithmenos
   509 | D        | Reached skill level 20 in Stealth
   528 | D        | Noticed a hornet
   531 | D        | Killed a hornet
   532 | D        | Reached skill level 10 in Dodging
   532 | D        | Reached XP level 9. HP: 39/39 MP: 18/23
   542 | D        | Noticed an oklob plant
   544 | D        | Killed an oklob plant
   545 | D        | Reached skill level 10 in Spellcasting
   545 | D        | Reached skill level 10 in Hexes
   551 | D        | Reached ** piety under Dithmenos
   573 | D        | Noticed an unseen horror
   574 | D        | Noticed an unseen horror
   579 | D        | Killed an unseen horror
   587 | D        | Killed an unseen horror
   871 | D        | Reached *** piety under Dithmenos
   888 | D        | Reached skill level 10 in Short Blades
   907 | D        | Reached **** piety under Dithmenos
   937 | D        | Reached ***** piety under Dithmenos
   941 | D        | Reached XP level 10. HP: 37/44 MP: 18/26
   967 | D        | Identified the +2 scale mail of the Sky {rPois rN+}
   986 | D        | Found Siniwa's General Store.
   986 | D        | Found Rokosch's General Store.
   986 | D        | Found Utahydo's Assorted Antiques.
   988 | D        | Found Caetwaid's Weapon Emporium.
   988 | D        | Found Tewusio's Magic Scroll Shop.
   988 | D        | Found Lemuxzia's General Store.
   988 | D        | Found Zuddil's Armour Boutique.
   988 | D        | Found Rouv Qeng's Antique Armour Emporium.
   988 | D        | Found Berusm's Armour Shop.
   988 | D        | Found Kese's Jewellery Shoppe.
   992 | D        | Found Mimela Cijong's Book Boutique.
   993 | D        | Found Foleajerr's Assorted Antiques.
   993 | D        | Found Funiggac's Armour Boutique.
   994 | D        | Found Lisistra's Antique Armour Emporium.
  1242 | D        | Bought a book of Burglary for 308 gold pieces
  1249 | D        | Learned a level 6 spell: Invisibility
  1252 | D        | Learned a level 2 spell: Passwall
  1265 | D        | Bought a twisted rapier for 225 gold pieces
  1265 | D        | Identified the +5 rapier of Tycless {holy, rElec} (You
                  | bought it in a shop in the Dungeon)
  1273 | D        | Bought a runed robe for 74 gold pieces
  1273 | D        | Bought a runed cloak for 150 gold pieces
  1283 | D        | Bought a +2 robe of positive energy for 191 gold pieces
  1343 | D        | Noticed a deep troll
  1345 | D        | Killed a deep troll
  1359 | D        | Found Loxuyh's Armour Emporium.
  1374 | D        | Noticed Sonja
  1376 | D        | Killed a gargoyle
  1377 | D        | Killed Sonja
  1398 | D        | Found Fyac's Assorted Antiques.
  1406 | D        | Bought an ichor-stained buckler for 218 gold pieces
  1406 | D        | Identified the +3 buckler "Empol" {Drain rPois Str+4} (You
                  | bought it in a shop in the Dungeon)
  1406 | D        | Bought a runed jade ring for 115 gold pieces
  1413 | D        | Noticed a shining eye
  1413 | D        | Noticed a shining eye
  1413 | D        | Noticed a shining eye
  1413 | D        | Noticed a shining eye
  1413 | D        | Noticed a shining eye
  1413 | D        | Noticed a shining eye
  1416 | D        | Noticed a shining eye
  1416 | D        | Noticed a shining eye
  1417 | D        | Killed a shining eye
  1418 | D        | Killed a shining eye
  1422 | D        | Killed a shining eye
  1422 | D        | Gained mutation: You are clumsy. (Dex -2) [a shining eye]
  1426 | D        | Gained mutation: You are weak. (Str -2) [a shining eye]
  2235 | D        | Gained mutation: You are dopey. (Int -2) [a shining eye]
  2239 | D        | Gained mutation: Your spells are a little easier to cast,
                  | but a little less powerful. [a shining eye]
  2239 | D        | Gained mutation: Your spells are easier to cast, but less
                  | powerful. [a shining eye]
  2240 | D        | Gained mutation: You sometimes lose the ability to read
                  | scrolls when taking damage. [a shining eye]
  2244 | D        | Gained mutation: You do not regenerate when monsters are
                  | visible. [a shining eye]
  2245 | D        | Killed a shining eye
  2246 | D        | Reached skill level 15 in Dodging
  2246 | D        | Gained mutation: You are very clumsy. (Dex -4) [a shining
                  | eye]
  2247 | D        | Lost strength.
  2247 | D        | Gained mutation: You are very weak. (Str -4) [a shining
                  | eye]
  2249 | D        | Gained mutation: Your body sometimes deteriorates upon
                  | taking damage. [a shining eye]
  2250 | D        | Gained mutation: You are very dopey. (Int -4) [a shining
                  | eye]
  2253 | D        | Gained mutation: Your spells are much easier to cast, but
                  | much less powerful. [a shining eye]
  2253 | D        | Gained mutation: Your body often deteriorates upon taking
                  | damage. [a shining eye]
  2257 | D        | Killed a shining eye
  2257 | D        | Reached ****** piety under Dithmenos
  2258 | D        | Reached XP level 11. HP: 47/47 MP: 12/30
  2258 | D        | Killed a shining eye
  2259 | D        | Reached skill level 15 in Spellcasting
  2259 | D        | Killed a shining eye
  2265 | D        | Gained mutation: You tend to lose your temper in combat. [a
                  | shining eye]
  2268 | D        | Gained mutation: Potions are less effective at restoring
                  | your health. [a shining eye]
  2275 | D        | Killed a shining eye
  2513 | D        | Found Tar Suxi's Armour Shoppe.
  2513 | D        | Found Uppiedecant's Antique Weapon Shop.
  2513 | D        | Found Gauwn's General Store.
  2513 | D        | Found Donudghuf's Weapon Boutique.
  2584 | D        | Bought a potion of mutation for 80 gold pieces
  2584 | D        | Lost mutation: Potions are less effective at restoring your
                  | health. [potion of mutation]
  2584 | D        | Lost mutation: You are very weak. (Str -4) [potion of
                  | mutation]
  2584 | D        | Lost mutation: Your spells are much easier to cast, but
                  | much less powerful. [potion of mutation]
  2584 | D        | Gained mutation: You often lose your temper in combat.
                  | [potion of mutation]
  2584 | D        | Lost mutation: You are very clumsy. (Dex -4) [potion of
                  | mutation]
  3336 | D        | Noticed a lindwurm
  3340 | D        | Killed a lindwurm
  3806 | D        | Noticed a 12-headed hydra
  3808 | D        | Killed a 12-headed hydra
  3876 | D        | Noticed a shadow dragon
  3876 | D        | Noticed a golden dragon
  3900 | D        | Slain by a shadow dragon

Illustrated notes

Levels and vault maps discovered:
D:        dungeon_sprint_1 [red_sonja_temple_1, red_sonja_temple_small_1]

Skill      XL: |  1  2  3  4  5  6  7  8  9 10 11 |
---------------+----------------------------------+-----
Stealth        | 10 14 18 19 20 | 20.0
Dodging        | 3 6 8 10 12 15 19 | 19.1
Spellcasting   | 3 5 7 9 11 14 17 | 17.9
Hexes          | 4 6 8 9 11 14 | 14.0
Short Blades   | 4 6 8 10 | 10.0

Action                   |  1- 3 |  4- 6 |  7- 9 | 10-12 || total
-------------------------+-------+-------+-------+-------++-------
Melee: Dagger            |    13 |     4 |    33 |    76 ||   126
 Cast: Ensorcelled Hiber |       |       |     4 |    15 ||    19
       Confusing Touch   |       |       |     3 |     3 ||     6
       Dazzling Flash    |       |       |       |     9 ||     9
       Invisibility      |       |       |       |     1 ||     1
       Passwall          |       |       |       |     1 ||     1
Invok: Shadow Step       |       |       |       |     5 ||     5
Evoke: Wand              |       |       |       |     1 ||     1
  Use: Potion            |     1 |       |       |     1 ||     2
       Scroll            |       |       |     1 |     1 ||     2
 Stab: Sleeping          |     2 |     4 |    16 |    34 ||    56
       Confused          |       |       |     3 |     2 ||     5
       Invisible         |       |       |       |     4 ||     4
       Distracted        |       |       |       |     1 ||     1
Armor: Robe              |       |       |       |     2 ||     2
Dodge: Dodged            |     6 |       |    17 |    23 ||    46
